 Dungeon Crawl Stone Soup version 0.22-a0-161-g198051cff3 (console) character file.

176 Muffindrake the Sneak (level 5, 0/30 HPs)
             Began as a Tengu Assassin on Feb 11, 2018.
             Was a Follower of Trog.
             Succumbed to an orc's poison
             ... on level 3 of the Dungeon.
             The game lasted 00:15:39 (2242 turns).

Muffindrake the Sneak (Tengu Assassin)              Turns: 2242, Time: 00:15:40

Health: 0/30       AC:  4    Str: 11    XL:     5   Next: 56%
Magic:  6/6        EV: 12    Int: 11    God:    Trog [*.....]
Gold:   123        SH:  0    Dex: 17    Spells: 4/4 levels left

rFire    + . .     SeeInvis .   r - +0 dagger (elec)
rCold    . . .     Gourm    .   (no shield)
rNeg     . . .     Faith    .   c - +1 robe
rPois    .         Spirit   .   (helmet restricted)
rElec    .         Reflect  .   d - +0 cloak
rCorr    .         Harm     .   (no gloves)
MR       .....                  (boots unavailable)
Stlth    +++.......             (no amulet)
HPRegen  0.10/turn              m - ring of protection from fire
MPRegen  0.10/turn              (no ring)

@: lethally poisoned (0 -> -6), hasted, very quick
A: beak, talons 3, able to fly 1
a: Fly, Berserk, Burn Spellbooks, Renounce Religion


You were on level 3 of the Dungeon.
You worshipped Trog.
Trog was aware of your devotion.
You were not hungry.

You visited 1 branch of the dungeon, and saw 3 of its levels.

You collected 123 gold pieces.

Inventory:

Hand Weapons
 a - a +2 dagger
 b - a +0 blowgun
 l - a +4 short sword of flaming
 r - a +0 dagger of electrocution (weapon)
Missiles
 e - 21 poisoned needles
 f - 10 curare-tipped needles
 q - 8 needles of confusion
Armour
 c - a +1 robe (worn)
 d - a +0 cloak (worn)
Jewellery
 m - a ring of protection from fire (left hand)
Scrolls
 k - a scroll of enchant armour
 n - 2 scrolls of blinking
Potions
 h - 2 potions of might
 j - a potion of brilliance {unknown}
 o - 2 potions of cancellation
 p - 2 potions of curing {unknown}
Comestibles
 g - 3 rations


   Skills:
 - Level 2.0 Fighting
 * Level 5.1 Short Blades
 - Level 2.0 Throwing
 - Level 1.1 Dodging
 + Level 5.2 Stealth


You had 4 spell levels left.
You didn't know any spells.

Dungeon Overview and Level Annotations

Branches:
Dungeon (3/15)

Altars:
Nemelex Xobeh
Trog
Uskayaw
Xom


Innate Abilities, Weirdness & Mutations

You have a beak for a mouth.
You have claws for feet.
You can fly.


Message History

You feel sick. The orc hits you with a club.
* * * LOW HITPOINT WARNING * * *
You hit the orc but do no damage.
The orc is heavily wounded.
You hit the orc but do no damage. You claw the orc, but do no damage.
Your peck misses the orc.
The orc is heavily wounded.
* * * LOW HITPOINT WARNING * * *
You feel sick. The orc misses you.
You hit the orc but do no damage. You claw the orc.
The orc is almost dead.
The orc hits you but does no damage.
You hit the orc but do no damage. Your kick misses the orc.
You peck the orc, but do no damage.
The orc is almost dead.
* * * LOW HITPOINT WARNING * * *
You feel sick.
You hit the orc but do no damage.
You kill the orc!
Trog accepts your kill.
It was a potion of haste.
You feel yourself speed up.
You die...

#.........#.# #.##..
#......##.#.# #..)..
#......##.#<# ###...#
#......##...######..†...
#......###...........#†.
#......# ##...)#...####.
#......# #..#...### #.
######## #..##### #.
#####.#### ##.
#........# #.#
#@.........#####..
......)).......#.......#
.......#..).......####.#
..........######## ###.#
.......#.## #..^#
.........# #.<..
.......### #.### ......#
#..# ####


There were no monsters in sight!

Vanquished Creatures
  Robin (D:2)
  4 gnolls (D:3)
  4 adders
  3 worms
  A dart slug (D:3)
  2 leopard geckos
  5 orcs (D:3)
  2 giant cockroaches (D:1)
  11 goblins
  8 hobgoblins
  8 jackals
  6 bats
  5 frilled lizards
  7 kobolds
  7 rats
74 creatures vanquished.

Notes
Turn   | Place    | Note
-------+----------+-------------------------------------------
     0 | D:1      | Muffindrake the Tengu Assassin began the quest for the Orb.
     0 | D:1      | Reached XP level 1. HP: 12/12 MP: 2/2
   196 | D:1      | Reached XP level 2. HP: 15/17 MP: 3/3
   876 | D:2      | Reached XP level 3. HP: 21/21 MP: 4/4
   926 | D:2      | Noticed Robin
   938 | D:2      | Killed Robin
  1226 | D:2      | Reached XP level 4. HP: 26/26 MP: 5/5
  1535 | D:2      | Found a shimmering altar of Xom.
  1546 | D:2      | Found a sparkling altar of Nemelex Xobeh.
  1557 | D:2      | Found a bloodstained altar of Trog.
  1569 | D:2      | Became a worshipper of Trog the Wrathful
  1799 | D:3      | Found a hide-covered altar of Uskayaw.
  2035 | D:3      | Gained mutation: You can fly. [Tengu growth]
  2035 | D:3      | Reached XP level 5. HP: 25/30 MP: 6/6
  2155 | D:3      | Reached skill level 5 in Stealth
  2156 | D:3      | Reached * piety under Trog
  2221 | D:3      | Reached skill level 5 in Short Blades
  2240 | D:3      | HP: 1/30 [poisoned by an orc]
  2242 | D:3      | Succumbed to an orc's poison

Vault maps used:
D:1:      scummos_arrival_checkerplants, st_stairs_10
D:2:      cheibrodos_old_hovel, xom_teletrap_fun,
          chequers_temple_overflow_statue_of_worship, uniq_robin
D:3:      nicolae_overflow_hidden_temple, lemuel_crystal_altar, first_ration

Skill      XL: |  1  2  3  4  5 |
---------------+----------------+-----
Short Blades   | 3 4 5 |  5.1
Stealth        | 5 |  5.2
Fighting       | |  2.0
Throwing       | |  2.0
Dodging        | |  1.1

Action                   |  1- 3 |  4- 6 || total
-------------------------+-------+-------++-------
Melee: Dagger            |    28 |    77 ||   105
       Kick              |    13 |    15 ||    28
       Short sword       |    27 |    11 ||    38
       Peck              |     6 |     5 ||    11
  Use: Scroll            |     3 |     3 ||     6
       Potion            |       |     1 ||     1
 Stab: Sleeping          |     6 |     4 ||    10
       Distracted        |       |     1 ||     1
  Eat: Ration            |     1 |     1 ||     2
Armor: Robe              |     8 |    16 ||    24
Dodge: Dodged            |    22 |    44 ||    66

Table legend:
 A = Spawn XP
 B = Non-spawn XP
 C = Spawn XP percentage of total XP
 D = Spawn monster count
 E = Non-spawn monster count
 F = Spawn count percentage of total count
 G = Total turns spent on level
                    A         B        C        D         E        F      G
               +---------+---------+-------+---------+---------+-------+---------
         Total |       0 |     252 |   0.0 |       0 |      74 |   0.0 |  2242
               +---------+---------+-------+---------+---------+-------+---------
           D:1 |       0 |      32 |   0.0 |       0 |      21 |   0.0 |   872
           D:2 |       0 |      86 |   0.0 |       0 |      20 |   0.0 |   921
           D:3 |       0 |     134 |   0.0 |       0 |      33 |   0.0 |   449
               +---------+---------+-------+---------+---------+-------+---------
